 Dungeon Crawl Stone Soup version 0.29.1-15-g9cfb28693d (webtiles) character file.

Game seed: 2714791764074593347

49 BallerZ the Chiller (level 3, 0/19 HPs)
             Began as a Gargoyle Ice Elementalist on Apr 17, 2023.
             Slain by an orc
             ... wielding a +0 war axe
              (5 damage)
             ... on level 4 of the Dungeon on Apr 25, 2023.
             The game lasted 00:10:24 (796 turns).

BallerZ the Chiller (Gargoyle Ice Elementalist)      Turns: 796, Time: 00:10:25

Health: 0/19       AC: 11    Str: 11    XL:     3   Next: 75%
Magic:  6/6        EV:  5    Int: 17    God:
Gold:   45         SH:  5    Dex: 10    Spells: 5/6 levels left

rFire   . . .      SeeInvis .   f - +6 mace
rCold   . . .      Faith    .   (no shield)
rNeg    + . .      Spirit   .   g - +0 chain mail
rPois   ∞          Reflect  +   (no helmet)
rElec   +          Harm     .   (no cloak)
rCorr   .          Rampage  .   (no gloves)
Will    .....                   (no boots)
Stlth   ..........              k - amulet of reflection
HPRegen 0.06/turn               (no ring)
MPRegen 0.10/turn               (no ring)

@: no status effects
A: sickness immunity, AC +3, negative energy resistance 1, electricity
resistance, torment resistance 1, petrification resistance
a: no special abilities


You were on level 4 of the Dungeon.
You visited 1 branch of the dungeon, and saw 3 of its levels.

You collected 45 gold pieces.

Inventory:

Hand Weapons
 f - a +6 mace (weapon)
Missiles
 e - 6 boomerangs
Armour
 a - a +0 robe
 g - a +0 chain mail (worn)
Jewellery
 i - an amulet of faith
 k - an amulet of reflection (around neck)
Wands
 h - a wand of flame (15)
Scrolls
 l - a scroll of identify {unknown}
Potions
 b - a potion of magic
 d - a potion of lignification {unknown}
 j - a potion of ambrosia {unknown}


   Skills:
 + Level 0.2 Fighting
 + Level 1.0 Maces & Flails
 + Level 0.2 Armour
 + Level 1.9 Dodging
 + Level 2.2 Stealth
 + Level 0.2 Unarmed Combat
 + Level 2.4 Spellcasting
 + Level 4.5 Ice Magic


You had 5 spell levels left.
You knew the following spells:

 Your Spells              Type           Power      Damage    Failure   Level
a - Freeze                Ice            68%        1d8       88%         1

Your spell library contained the following spells:

 Spells                   Type           Power      Damage    Failure   Level
 Frozen Ramparts          Ice            34%        1d6       99%         3
 Ozocubu's Armour         Ice            17%        N/A       99%         3
 Hailstorm                Conj/Ice       9%         3d4       100%        4


Dungeon Overview and Level Annotations

Branches:
Dungeon (2/15)

Altars:


Innate Abilities, Weirdness & Mutations

You are immune to sickness and miasma.
Your stone body is resilient. (AC +3)
You are immune to poison.
You resist negative energy. (rN+)
You are resistant to electric shocks. (rElec)
You are resistant to unholy torment.
You are immune to petrification.


Message History

You hear the hiss of a very distant avalanche of sand.
You hear the hiss of a very distant avalanche of sand.
l - a scroll labelled EJECOUSOICW You open the door. 2 orcs come into view.
An orc is wielding a +0 war axe and wearing a +0 scale mail of cold resistance.
The orc shouts! x2
An orc comes into view. It is wielding a +0 hand axe.
An orc comes into view. It is wielding a +0 falchion.
You block the orc's attack.
An orc comes into view.
It is wielding a +2 hand axe of flaming.
There is an open door here.
Aiming: Freeze (safe; 88% risk of failure)
Press: ? - help, Q - select action, (/) - cycle Shift-Dir - straight line, f - orc
Aim: an orc, wielding a +0 war axe and wearing a +0 scale mail of cold resistance You miscast Freeze.
You are very lightly contaminated with residual magic.
Nothing appears to happen.
The orc hits you with a +0 war axe! The orc attacks as you move away!
You block the orc's attack.
You barely miss the orc. The orc hits you but does no damage.
You barely miss the orc. The orc hits you with a +0 war axe.
You hit the orc.
The orc is almost dead.
You barely miss the orc.
The orc is almost dead.
The orc hits you but does no damage.
You thump the orc!
You kill the orc!
The orc closely misses you. The orc hits you but does no damage.
Your magical contamination has completely faded away.
You closely miss the orc. The orc hits you with a +0 war axe!
* * * LOW HITPOINT WARNING * * *
You feel better.
You barely miss the orc. The orc hits you with a +0 war axe.
You closely miss the orc. The orc hits you with a +0 war axe.
* * * LOW HITPOINT WARNING * * *
The orc hits you but does no damage. You block the orc's attack.
The orc hits you with a +0 war axe.
You die...

.................#.##.#
.###############.#.##.#
......................#
.###############.#.####
.######.....# #.#...
........###.####.#####
###########.#.......#
.........##.#.......#
########.##.#..o@o..#
#.##.####o#### #....#
#o# ###### #.# ... #..
##.. .. ...


You could see 4 orcs.

Vanquished Creatures
  An iguana (D:4)
  An orc (D:4)
  3 ball pythons
  A bat (D:1)
  2 endoplasms (D:1)
  3 giant cockroaches (D:1)
  A hobgoblin (D:1)
  3 quokkas
  2 kobolds (D:1)
  5 rats (D:1)
22 creatures vanquished.

Notes
Turn   | Place    | Note
-------+----------+-------------------------------------------
     0 | D:1      | BallerZ the Gargoyle Ice Elementalist began the quest for
                  | the Orb.
     0 | D:1      | Reached XP level 1. HP: 10/10 MP: 3/3
   141 | D:1      | Reached XP level 2. HP: 10/15 MP: 1/5
   457 | D:2      | You fall into a shaft and drop 2 floors!
   511 | D:4      | Reached skill level 1 in Maces & Flails
   511 | D:4      | Reached XP level 3. HP: 14/19 MP: 6/6
   796 | D:4      | Slain by an orc

Illustrated notes

Levels and vault maps discovered:
D:1:      scummos_arrival_forest, layout_basic, serial_aquarium,
          aquarium_bridge_island_small [aquarium_subvault_small_open,
          aquarium_subvault_wall, aquarium_subvault_bridge,
          aquarium_subvault_wall, aquarium_subvault_window],
          aquarium_bridge_square [aquarium_subvault_wall,
          aquarium_subvault_bridge, aquarium_subvault_bridge,
          aquarium_subvault_window], aquarium_window_1,
          aquarium_window_corridor_2, aquarium_window_corner,
          aquarium_window_fake, aquarium_view_2g, aquarium_pool_S,
          ebering_ecumenical_altar_petrified
D:2:      layout_basic, serial_shops, shop, minmay_tetromino_i2
D:4:      layout_basic, enter_ossuary_1, grunt_ministairs_6, uniq_ijyb,
          uniq_blork_the_orc

Skill      XL: |  1  2 |
---------------+-------+-----
Maces & Flails | 1 |  1.0
Fighting       | |  0.2
Armour         | |  0.2
Dodging        | |  1.9
Stealth        | |  2.2
Unarmed Combat | |  0.2
Spellcasting   | |  2.4
Ice Magic      | |  4.5

Action                   || total
-------------------------++-------
Melee: Unarmed           ||     9
       Mace              ||    28
       Punch             ||     1
 Cast: Freeze            ||    14
  Use: Scroll            ||     2
       Potion            ||     2
Armor: Robe              ||     8
       Chain mail        ||    31
Dodge: Dodged            ||    34
Block: Other             ||     3
